PAAA
BALTIMORE BLACK SOX @ SCRANTON SUPERNOVAS
06/02/2034
 
TOP OF THE 1ST
Baltimore Black Sox batting - Pitching for Scranton Supernovas : RHP Gilberto Pontojá
Pitching: RHP Gilberto Pontojá
Batting: RHB Fernando Martínez 0-0: Ball
1-0: Called Strike
1-1: Ground out 6-3 (Groundball, 6)
Batting: LHB Ramón Flores 0-0: SINGLE (Groundball, 5D)
Batting: LHB Roberto Vázquez 0-0: Ball
Ramón Flores steals 2nd base
1-0: Foul Ball, location: 2F
1-1: Ball
2-1: Ball
3-1: Called Strike
3-2: DOUBLE (Line Drive, 89D)
Ramón Flores scores
Batting: RHB Felix Plugge 0-0: Called Strike
0-1: Foul Ball, location: 2F
0-2: Strikes out looking
Batting: SHB Alex Mable 0-0: Foul Ball, location: 2F
0-1: Ball
1-1: Ball
2-1: Hit by Pitch
Batting: RHB Raúl Cicerón 0-0: Foul Ball, location: 2F
0-1: Ball
1-1: Ball
2-1: Called Strike
2-2: Ball
3-2: Foul Ball, location: 2F
3-2: Ground out 2-3 (Groundball, 2L)
Top of the 1st over - 1 run, 2 hits, 0 errors, 2 left on base; Baltimore 1 - Scranton 0
BOTTOM OF THE 1ST
Scranton Supernovas batting - Pitching for Baltimore Black Sox : RHP Charlie Fairthorne
Pitching: RHP Charlie Fairthorne
Batting: RHB Mike Pate 0-0: Bunt missed!
0-1: Called Strike
0-2: Ball
1-2: Foul Ball, location: 2F
1-2: Ground out 1-3 (Groundball, P)
Batting: LHB Hai-feng Tang 0-0: Ball
1-0: Fly out, F8 (Flyball, 8RM)
Batting: LHB Chase Popoff 0-0: Called Strike
0-1: Ball
1-1: Ball
2-1: Ground out U3 (Groundball, 3)
Bottom of the 1st over - 0 runs, 0 hits, 0 errors, 0 left on base; Baltimore 1 - Scranton 0
TOP OF THE 2ND
Baltimore Black Sox batting - Pitching for Scranton Supernovas : RHP Gilberto Pontojá
Batting: LHB Marcos Costa 0-0: Called Strike
0-1: Ball
1-1: Foul Ball, location: 2F
1-2: Fly out, F7 (Flyball, 7)
Batting: RHB Lee Storment 0-0: Ball
1-0: Ball
2-0: Swinging Strike
2-1: Foul Ball, location: 2F
2-2: Ball
3-2: Base on Balls
Batting: RHB Edward Payne 0-0: Ball
1-0: Foul Ball, location: 2F
1-1: Foul Ball, location: 2F
1-2: Ball
2-2: Foul Ball, location: 2F
2-2: Foul Ball, location: 2F
2-2: Strikes out swinging
Batting: RHB Fernando Martínez 0-0: Ball
1-0: Ball
2-0: Foul Ball, location: 2F
2-1: Ball
3-1: Base on Balls
Lee Storment to second
Batting: LHB Ramón Flores 0-0: Called Strike
0-1: Ball
1-1: Foul Ball, location: 2F
1-2: Reached on error, E3 (Groundball, 34D)
Lee Storment scores
Fernando Martínez to third
Pitching: RHP Norberto Concepción
Batting: LHB Roberto Vázquez 0-0: Ball
1-0: Ball
2-0: Foul Ball, location: 2F
2-1: Ball
3-1: Base on Balls
Batting: RHB Felix Plugge 0-0: Ball
1-0: Called Strike
1-1: Fly out, F7 (Flyball, 7S)
Top of the 2nd over - 1 run, 0 hits, 1 error, 3 left on base; Baltimore 2 - Scranton 0
BOTTOM OF THE 2ND
Scranton Supernovas batting - Pitching for Baltimore Black Sox : RHP Charlie Fairthorne
Batting: RHB José Rodríguez 0-0: Ball
1-0: Foul Ball, location: 2F
1-1: SINGLE (Flyball, 9S)
Batting: RHB José Bravo 0-0: Called Strike
0-1: SINGLE (Line Drive, 4D)
José Rodríguez to second
Runner from 2nd tries for 3rd, SAFE, no throw
Batting: RHB Pedro Rivera 0-0: Called Strike
0-1: Foul Ball, location: 2F
0-2: Ball
1-2: Ball
2-2: Grounds into double play, 6-4-3 (Groundball, 6)
José Rodríguez scores
Batting: RHB Senior Pond 0-0: Called Strike
0-1: Foul Ball, location: 2F
0-2: DOUBLE (Line Drive, 7LD)
Batting: RHB Rodrigo Lugo 0-0: SINGLE (Line Drive, 6MD)
Senior Pond to third
Batting: RHB Miguel Canales 0-0: Swinging Strike
0-1: Ball
1-1: Ball
2-1: Ball
3-1: Foul Ball, location: 2F
3-2: Base on Balls
Rodrigo Lugo to second
Batting: RHB Mike Pate 0-0: Ground out 5-3 (Groundball, 56S)
Bottom of the 2nd over - 1 run, 4 hits, 0 errors, 3 left on base; Baltimore 2 - Scranton 1
TOP OF THE 3RD
Baltimore Black Sox batting - Pitching for Scranton Supernovas : RHP Norberto Concepción
Batting: SHB Alex Mable 0-0: Foul Ball, location: 2F
0-1: Called Strike
0-2: Foul Ball, location: 2F
0-2: Ball
1-2: Strikes out swinging
Batting: RHB Raúl Cicerón 0-0: Called Strike
0-1: Ball
1-1: Swinging Strike
1-2: Ball
2-2: Foul Ball, location: 2F
2-2: Ball
3-2: SINGLE (Groundball, 34) (infield hit)
Batting: LHB Marcos Costa 0-0: Ball
1-0: Ball
2-0: Fly out, F9 (Flyball, 9LS)
Batting: RHB Lee Storment 0-0: Ball
1-0: Called Strike
1-1: Called Strike
1-2: Foul Ball, location: 2F
1-2: Ball
Raúl Cicerón steals 2nd base
2-2: Foul Ball, location: 2F
2-2: DOUBLE (Line Drive, 9LM)
Raúl Cicerón scores
Batting: RHB Edward Payne 0-0: Called Strike
0-1: Ball
1-1: Swinging Strike
1-2: Foul Ball, location: 2F
1-2: Ball
2-2: Foul Ball, location: 2F
2-2: DOUBLE (Line Drive, 89M)
Lee Storment scores
Batting: RHB Fernando Martínez 0-0: Ball
1-0: Called Strike
1-1: Ball
2-1: Ball
3-1: Foul Ball, location: 2F
3-2: Base on Balls
Batting: LHB Ramón Flores 0-0: Called Strike
0-1: Ball
1-1: Ball
2-1: Called Strike
2-2: Foul Ball, location: 2F
2-2: Ball
3-2: Base on Balls
Edward Payne to third
Fernando Martínez to second
Batting: LHB Roberto Vázquez 0-0: Called Strike
0-1: Foul Ball, location: 2F
0-2: Ball
1-2: Ball
2-2: Foul Ball, location: 2F
2-2: Ball
3-2: Base on Balls
Edward Payne scores
Fernando Martínez to third
Ramón Flores to second
Pitching: LHP Phil Miles
Batting: RHB Felix Plugge 0-0: SINGLE (Line Drive, 6MD)
Fernando Martínez scores
Ramón Flores to third
Roberto Vázquez to second
Runner from 3rd tries for Home, SAFE, no throw
Batting: SHB Alex Mable 0-0: Ball
1-0: Fielders Choice at 2nd, 5-4 (Groundball, 56)
Top of the 3rd over - 5 runs, 4 hits, 0 errors, 2 left on base; Baltimore 7 - Scranton 1
BOTTOM OF THE 3RD
Scranton Supernovas batting - Pitching for Baltimore Black Sox : RHP Charlie Fairthorne
Batting: LHB Hai-feng Tang 0-0: Called Strike
0-1: Fly out, F4 (Line Drive, 4)
Batting: LHB Chase Popoff 0-0: Ball
1-0: Ball
2-0: SINGLE (Groundball, 56D)
Batting: RHB José Rodríguez 0-0: Swinging Strike
0-1: Fly out, F8 (Line Drive, 8RXD)
Batting: RHB José Bravo 0-0: Called Strike
0-1: Ball
1-1: Called Strike
1-2: SINGLE (Groundball, 56D)
Chase Popoff to second
Batting: RHB Pedro Rivera 0-0: Called Strike
0-1: Ball
1-1: Ball
2-1: Swinging Strike
2-2: Ball
3-2: DOUBLE (Flyball, 8LXD)
Chase Popoff scores
José Bravo to third
José Bravo scores
Batting: RHB Senior Pond 0-0: Called Strike
0-1: Fly out, F5 (Line Drive, 5L)
Bottom of the 3rd over - 2 runs, 3 hits, 0 errors, 1 left on base; Baltimore 7 - Scranton 3
TOP OF THE 4TH
Baltimore Black Sox batting - Pitching for Scranton Supernovas : LHP Phil Miles
Batting: RHB Raúl Cicerón 0-0: Foul Ball, location: 2F
0-1: Ball
1-1: Ball
2-1: Ball
3-1: Foul Ball, location: 2F
3-2: Base on Balls
Batting: LHB Marcos Costa 0-0: Ground out 3-1 (Groundball, 34S)
Raúl Cicerón to second
Batting: RHB Lee Storment 0-0: Ball
1-0: Foul Ball, location: 2F
1-1: Ball
2-1: Fly out, F9 (Line Drive, 9)
Batting: RHB Edward Payne 0-0: Called Strike
0-1: Ball
1-1: Called Strike
1-2: 2-RUN HOME RUN (Flyball, 7D), Distance : 390 ft
Batting: RHB Fernando Martínez 0-0: Ground out 5-3 (Groundball, 56S)
Top of the 4th over - 2 runs, 1 hit, 0 errors, 0 left on base; Baltimore 9 - Scranton 3
BOTTOM OF THE 4TH
Scranton Supernovas batting - Pitching for Baltimore Black Sox : RHP Charlie Fairthorne
Batting: RHB Rodrigo Lugo 0-0: Called Strike
0-1: Called Strike
0-2: Foul Ball, location: 2F
0-2: Ball
1-2: Ground out 1-3 (Groundball, 13)
Batting: RHB Miguel Canales 0-0: Ground out 1-3 (Groundball, 15S)
Batting: RHB Mike Pate 0-0: Ball
1-0: Fly out, F4 (Line Drive, 4M)
Bottom of the 4th over - 0 runs, 0 hits, 0 errors, 0 left on base; Baltimore 9 - Scranton 3
TOP OF THE 5TH
Baltimore Black Sox batting - Pitching for Scranton Supernovas : LHP Phil Miles
Batting: LHB Ramón Flores 0-0: Called Strike
0-1: Ball
1-1: Swinging Strike
1-2: Strikes out swinging
Batting: LHB Roberto Vázquez 0-0: Swinging Strike
0-1: Foul Ball, location: 2F
0-2: Foul Ball, location: 2F
0-2: Foul Ball, location: 2F
0-2: Ball
1-2: Fly out, F9 (Flyball, 9LS)
Batting: RHB Felix Plugge 0-0: Called Strike
0-1: Ball
1-1: Foul Ball, location: 2F
1-2: Ball
2-2: Ground out 5-3 (Groundball, 56)
Top of the 5th over - 0 runs, 0 hits, 0 errors, 0 left on base; Baltimore 9 - Scranton 3
BOTTOM OF THE 5TH
Scranton Supernovas batting - Pitching for Baltimore Black Sox : RHP Charlie Fairthorne
Batting: LHB Hai-feng Tang 0-0: Foul Ball, location: 2F
0-1: Swinging Strike
0-2: Ball
1-2: Ball
2-2: Ball
3-2: Ground out 6-3 (Groundball, 6)
Batting: LHB Chase Popoff 0-0: Reached via error on a dropped throw, E3
Batting: RHB José Rodríguez 0-0: Foul Ball, location: 2F
0-1: Ball
1-1: Foul Ball, location: 2F
1-2: Ball
2-2: Foul Ball, location: 2F
2-2: Ball
3-2: Ground out 4-3 (Groundball, 34D)
Chase Popoff to second
Batting: RHB José Bravo 0-0: Ball
1-0: Called Strike
1-1: Swinging Strike
1-2: SINGLE (Flyball, 89S)
Chase Popoff to third
Batting: RHB Pedro Rivera 0-0: Called Strike
0-1: Fly out, F9 (Flyball, 9S)
Bottom of the 5th over - 0 runs, 1 hit, 1 error, 2 left on base; Baltimore 9 - Scranton 3
TOP OF THE 6TH
Baltimore Black Sox batting - Pitching for Scranton Supernovas : LHP Phil Miles
Batting: SHB Alex Mable 0-0: Foul Ball, location: 2F
0-1: Ground out 5-3 (Groundball, 56S)
Batting: RHB Raúl Cicerón 0-0: Ball
1-0: Foul Ball, location: 2F
1-1: Swinging Strike
1-2: Strikes out looking
Batting: LHB Marcos Costa 0-0: Called Strike
0-1: SINGLE (Groundball, 34D)
Batting: RHB Lee Storment 0-0: Swinging Strike
0-1: Foul Ball, location: 2F
0-2: Strikes out swinging
Top of the 6th over - 0 runs, 1 hit, 0 errors, 1 left on base; Baltimore 9 - Scranton 3
BOTTOM OF THE 6TH
Scranton Supernovas batting - Pitching for Baltimore Black Sox : RHP Charlie Fairthorne
Batting: RHB Senior Pond 0-0: Ground out 5-3 (Groundball, 56S)
Batting: RHB Rodrigo Lugo 0-0: Ball
1-0: Foul Ball, location: 2F
1-1: Fly out, F7 (Flyball, 7S)
Batting: RHB Miguel Canales 0-0: Called Strike
0-1: Foul Ball, location: 2F
0-2: Strikes out looking
Bottom of the 6th over - 0 runs, 0 hits, 0 errors, 0 left on base; Baltimore 9 - Scranton 3
TOP OF THE 7TH
Baltimore Black Sox batting - Pitching for Scranton Supernovas : LHP Phil Miles
Batting: RHB Edward Payne 0-0: Ball
1-0: Ball
2-0: Ball
3-0: Base on Balls
Batting: RHB Fernando Martínez 0-0: Fielders Choice at 2nd, 6-4 (Groundball, 56)
Batting: LHB Ramón Flores 0-0: Called Strike
0-1: SINGLE (Groundball, 34S) (infield hit)
Fernando Martínez to second
Batting: LHB Roberto Vázquez 0-0: Ball
1-0: Foul Ball, location: 2F
1-1: Fly out, F7 (Flyball, 7S)
Now in LF: Carlos Sánchez
Batting: RHB Felix Plugge 0-0: 3-RUN HOME RUN (Flyball, 78XD), Distance : 426 ft
Batting: SHB Alex Mable 0-0: Ball
1-0: Ball
2-0: Ground out 5-3 (Groundball, 56)
Top of the 7th over - 3 runs, 2 hits, 0 errors, 0 left on base; Baltimore 12 - Scranton 3
BOTTOM OF THE 7TH
Scranton Supernovas batting - Pitching for Baltimore Black Sox : RHP Charlie Fairthorne
Batting: RHB Mike Pate 0-0: Ball
1-0: Foul Ball, location: 2F
1-1: Swinging Strike
1-2: Ground out 1-3 (Groundball, 13)
Batting: LHB Hai-feng Tang 0-0: Fly out, F8 (Flyball, 8RD)
Batting: LHB Chase Popoff 0-0: Called Strike
0-1: Fly out, F9 (Flyball, 89D)
Bottom of the 7th over - 0 runs, 0 hits, 0 errors, 0 left on base; Baltimore 12 - Scranton 3
TOP OF THE 8TH
Baltimore Black Sox batting - Pitching for Scranton Supernovas : LHP Phil Miles
Batting: RHB Raúl Cicerón 0-0: Ball
1-0: Ball
2-0: Called Strike
2-1: Called Strike
2-2: Ground out 6-3 (Groundball, 6M)
Batting: LHB Marcos Costa 0-0: Ball
1-0: Called Strike
1-1: Ball
2-1: Ball
3-1: Foul Ball, location: 2F
3-2: Ground out 5-3 (Groundball, 56S)
Batting: RHB Lee Storment 0-0: Fly out, F9 (Line Drive, 89M)
Top of the 8th over - 0 runs, 0 hits, 0 errors, 0 left on base; Baltimore 12 - Scranton 3
BOTTOM OF THE 8TH
Scranton Supernovas batting - Pitching for Baltimore Black Sox : RHP Charlie Fairthorne
Now in RF: Maikel Cobblepot
Batting: RHB José Rodríguez 0-0: Ball
1-0: Called Strike
1-1: SINGLE (Line Drive, 56D)
Batting: RHB José Bravo 0-0: Ball
1-0: Foul Ball, location: 2F
1-1: Fielders Choice at 2nd, 3-6 (Groundball, 34)
Batting: RHB Pedro Rivera 0-0: Foul Ball, location: 2F
0-1: Reached on error, E6 (Groundball, 6)
José Bravo to second
Batting: SHB Carlos Sánchez 0-0: Fly out, F9 (Flyball, 89M)
Runner from 2nd tags up, SAFE at 3rd with throw
Batting: RHB Rodrigo Lugo 0-0: Ball
1-0: Swinging Strike
1-1: Ball
2-1: Called Strike
2-2: Ball
3-2: Ground out 5-3 (Groundball, 56D)
Bottom of the 8th over - 0 runs, 1 hit, 1 error, 2 left on base; Baltimore 12 - Scranton 3
TOP OF THE 9TH
Baltimore Black Sox batting - Pitching for Scranton Supernovas : LHP Phil Miles
Pitching: RHP Malulani Anakone
Batting: RHB Edward Payne 0-0: Ball
1-0: Foul Ball, location: 2F
1-1: Ball
2-1: Foul Ball, location: 2F
2-2: Ball
3-2: Foul Ball, location: 2F
3-2: Foul Ball, location: 2F
3-2: Foul Ball, location: 2F
3-2: Foul Ball, location: 2F
3-2: Foul Ball, location: 2F
3-2: Foul Ball, location: 2F
3-2: Foul Ball, location: 2F
3-2: Base on Balls
Batting: RHB Fernando Martínez 0-0: Ball
1-0: Foul Ball, location: 2F
1-1: Foul Ball, location: 2F
1-2: Foul Ball, location: 2F
1-2: Strikes out looking
Batting: LHB Ramón Flores 0-0: Ball
1-0: Called Strike
1-1: Ball
2-1: Foul Ball, location: 2F
2-2: Ground out 5-3 (Groundball, 5S)
Edward Payne to second
Batting: LHB Roberto Vázquez 0-0: Ball
1-0: Called Strike
1-1: Foul Ball, location: 2F
1-2: SINGLE (Groundball, 34) (infield hit)
Edward Payne to third
Batting: RHB Felix Plugge 0-0: Called Strike
0-1: Called Strike
0-2: Strikes out swinging
Top of the 9th over - 0 runs, 1 hit, 0 errors, 2 left on base; Baltimore 12 - Scranton 3
BOTTOM OF THE 9TH
Scranton Supernovas batting - Pitching for Baltimore Black Sox : RHP Charlie Fairthorne
Batting: RHB Miguel Canales 0-0: Called Strike
0-1: Foul Ball, location: 2F
0-2: DOUBLE (Line Drive, 7)
Batting: RHB Mike Pate 0-0: Called Strike
0-1: Called Strike
0-2: Ball
1-2: Fly out, F7 (Line Drive, 7LD)
Runner from 2nd tags up, SAFE at 3rd, no throw
Pitching: RHP Bob Christison
Batting: LHB Hai-feng Tang 0-0: Ball
1-0: Foul Ball, location: 2F
1-1: Foul Ball, location: 2F
1-2: Ball
2-2: Ball
3-2: Base on Balls
Batting: LHB Chase Popoff 0-0: Called Strike
0-1: Ground out 4-3 (Groundball, 4S)
Miguel Canales scores
Hai-feng Tang to second
Batting: RHB José Rodríguez 0-0: Called Strike
0-1: Ball
1-1: Foul Ball, location: 2F
1-2: Ball
2-2: Foul Ball, location: 2F
2-2: Foul Ball, location: 2F
2-2: Hit by Pitch
Batting: RHB José Bravo 0-0: Foul Ball, location: 2F
0-1: Foul Ball, location: 2F
0-2: Ball
1-2: Ball
2-2: Ball
3-2: SINGLE (Flyball, 8RS)
Hai-feng Tang to third
José Rodríguez to second
Hai-feng Tang scores
José Rodríguez to third
Batting: RHB Pedro Rivera 0-0: Ball
1-0: Foul Ball, location: 2F
1-1: Ball
2-1: Called Strike
2-2: Strikes out swinging
Bottom of the 9th over - 2 runs, 2 hits, 0 errors, 2 left on base; Baltimore 12 - Scranton 5
Friday, March 29th, 2019 - OOTP Baseball 18.8 Build 76